 Dungeon Sprint DCSS version 0.16-a0-3807-g3748f16 (webtiles) character file.

0 PolkaDot the Caller (level 1, 0/13 HPs)
             Began as a Vampire Summoner on Jan 27, 2015.
             Was an Initiate of Sif Muna.
             Slain by a worker ant (2 damage)
             ... in the Dungeon (Sprint VII: "The Pits").
             The game lasted 00:01:09 (91 turns).

PolkaDot the Caller (Vampire Summoner)                Turns: 91, Time: 00:01:09

Health: 0/13       AC:  2    Str:  7    XL:     1   Next: 8%
Magic:  1/3        EV: 12    Int: 17    God:    Sif Muna [......]
Gold:   0          SH:  0    Dex: 14    Spells: 1 memorised, 3 levels left

rFire  . . .     SeeInvis +     b - +2 quarterstaff
rCold  . . .     Clarity  .     m - +0 robe
rNeg   . . .     SustAb   .     (no shield)
rPois  .         Gourm    .     (no helmet)
rElec  .         Spirit   .     (no cloak)
rCorr  .         Warding  .     (no gloves)
rMut   .         NoTele   +     (no boots)
MR     .....                    (no amulet)
Stlth  ++........               (no ring)
                                (no ring)

@: regenerating quickly, not resistant to hostile enchantments, unstealthy
A: bottle blood, fangs 3, see invisible, unbreathing
a: Renounce Religion


You were in the Dungeon.
You worshipped Sif Muna.
Sif Muna was noncommittal.
You were full.

You visited 1 branch

Inventory:

Hand weapons
 b - a +2 quarterstaff (weapon)
Armour
 m - a +0 robe (worn)
Magical staves
 a - an uncursed staff of energy
Scrolls
 i - a scroll of blinking
 j - 3 scrolls of remove curse
 k - 5 scrolls of amnesia
 l - a scroll of summoning
Potions
 c - 2 potions of invisibility
 d - a potion of curing
 e - a potion of heal wounds
 f - a potion of haste
 g - 4 potions of magic
 h - 3 potions of berserk rage
Books
 n - a book of Callings

   Spells                             Type                      Level
   a - Summon Small Mammal            Summoning                    1
   b - Call Imp                       Summoning                    2
   c - Call Canine Familiar           Summoning                    3
   d - Summon Guardian Golem          Hexes/Summoning              4
   e - Summon Lightning Spire         Summoning/Air                4
   f - Summon Ice Beast               Ice/Summoning                4


   Skills:
 * Level 0.0 Staves
 - Level 2.1 Dodging
 - Level 3.0 Stealth
 - Level 2.0 Spellcasting
 + Level 4.3 Summonings


You had 3 spell levels left.
You knew the following spells:

 Your Spells              Type           Power        Failure   Level  Hunger
z - Summon Small Mammal   Summ           ###.         3%          1    #......


Dungeon Overview and Level Annotations

Branches:
Dungeon (1/1)

Altars:
Ashenzari
Cheibriados
Dithmenos
Elyvilon
Fedhas
Gozag
Kikubaaqudgha
Makhleb
Nemelex Xobeh
Okawaru
Qazlal
Ru
Sif Muna
Trog
Vehumet
Xom
Yredelemnul
Zin
The Shining One
Beogh
Jiyva
Lugonu


Innate Abilities, Weirdness & Mutations

Your natural rate of healing is unusually fast.
You can bottle blood from corpses.
You have razor-sharp teeth.
You have supernaturally acute eyesight.
You can survive without breathing.


Message History

The worker ant is lightly wounded.
The worker ant misses you.
Your rat bites the giant eyeball.
The worker ant bites you!
Ouch! That really hurt!
* * * LOW HITPOINT WARNING * * *
b - a +2 quarterstaff (weapon)
The giant eyeball gazes at your rat.
Your rat suddenly stops moving!
You barely miss the worker ant.
You bite the worker ant, but do no damage.
The worker ant is lightly wounded.
The worker ant closely misses you. The worker ant barely misses you.
You sock the worker ant!
The worker ant is heavily wounded.
The worker ant misses you.
You hit the worker ant. You bite the worker ant.
The worker ant is almost dead.
Your rat is no longer paralysed.
The worker ant bites you.
You die...

############
#__________#
#__________#
#.#####'##############+
#_#)).'.'%.##...........
#_#)))#.#?(##......#..#.
#######'#####...........
#......@....'...........
#+#####a#####......#..#.
r.# #........... +.G#
####'#####++ ####
#.......# #.......#
#.......# #...<...#
#.......#


You could see a giant eyeball, a worker ant and a friendly rat.

Vanquished Creatures (collateral kills)
  A bat (D)
1 creature vanquished.

Vanquished Creatures (others)
  2 quokkas (D)
2 creatures vanquished.

Grand Total: 3 creatures vanquished

Notes
Turn   | Place    | Note
--------------------------------------------------------------
     0 | D        | PolkaDot, the Vampire Summoner, began the quest for the Orb.
     0 | D        | Reached XP level 1. HP: 13/13 MP: 3/3
    45 | D        | Found a sacrificial altar of Ru.
    45 | D        | Found a shadowy altar of Dithmenos.
    45 | D        | Found a bloodstained altar of Trog.
    45 | D        | Found a deep blue altar of Sif Muna.
    45 | D        | Found a shimmering altar of Xom.
    45 | D        | Found a sparkling altar of Nemelex Xobeh.
    45 | D        | Found a corrupted altar of Lugonu.
    45 | D        | Found a viscous altar of Jiyva.
    46 | D        | Found a basalt altar of Yredelemnul.
    46 | D        | Found a glowing golden altar of the Shining One.
    46 | D        | Found a shattered altar of Ashenzari.
    46 | D        | Found a white marble altar of Elyvilon.
    46 | D        | Found a snail-covered altar of Cheibriados.
    46 | D        | Found a blossoming altar of Fedhas.
    46 | D        | Found a radiant altar of Vehumet.
    46 | D        | Found a burning altar of Makhleb.
    46 | D        | Found an ancient bone altar of Kikubaaqudgha.
    46 | D        | Found a glowing silver altar of Zin.
    46 | D        | Found a roughly hewn altar of Beogh.
    46 | D        | Found an iron altar of Okawaru.
    49 | D        | Became a worshipper of Sif Muna the Loreminder
    54 | D        | Found a stormy altar of Qazlal.
    54 | D        | Found an opulent altar of Gozag.
    74 | D        | Noticed a worker ant
    91 | D        | Slain by a worker ant

Action                   || total
-------------------------++-------
Melee: Quarterstaff      ||     3
       Staff             ||     2
 Cast: Summon Small Mamm ||     6
  Use: Potion            ||     1
  Eat: Corpse            ||     1
